 Dungeon Crawl Stone Soup version 0.30.1-11-g7821555f0a (webtiles) character file.

Game seed: 14769783302704602052

39 Skitler the Poker (level 3, -5/27 HPs)
             Began as a Demonspawn Gladiator on Jan 9, 2024.
             Killed by nerve-wracking pain
             ... invoked by Grinder
              (7 damage)
             ... on level 3 of the Dungeon.
             The game lasted 00:04:17 (1775 turns).

Skitler the Poker (Demonspawn Gladiator)            Turns: 1775, Time: 00:04:17

Health: -5/27      AC:  4    Str: 19    XL:     3   Next: 28%
Magic:  3/3        EV: 28    Int:  5    God:
Gold:   78         SH:  0    Dex: 19    Spells: 2/2 levels left

rFire   . . .        a - +0 trident
rCold   + . .        (no shield)
rNeg    . . .        b - +0 leather armour
rPois   .            r - +0 helmet
rElec   .            (no cloak)
rCorr   .            (no gloves)
SInv    .            (no boots)
Will    .....        t - amulet of the Salamander {Acrobat rC+ Str+3 Int-4 Dex+5}
Stlth   +            (no ring)
HPRegen 0.24/turn    (no ring)
MPRegen 0.08/turn

%: acrobat
@: acrobatic
A: foul stench 1, powered by death 1
a: no special abilities


You were on level 3 of the Dungeon.
You visited 1 branch of the dungeon, and saw 3 of its levels.

You collected 78 gold pieces.

Inventory:

Hand Weapons
 a - a +0 trident (weapon)
Missiles
 e - a javelin (quivered)
Armour
 b - a +0 leather armour (worn)
 c - a +0 helmet
 r - a +0 helmet (worn)
Magical Staves
 o - the staff of earth "Xeiteesa" {Will+ Str+4 Dex+4}
   (You found it on level 2 of the Dungeon)

   [staff of earth]

   Base accuracy: +5 Base damage: 5 Base attack delay: 1.2 This weapon's minimum
   attack delay (0.6) is reached at skill level 12.
   Str:       It affects your strength (+4).
   Dex:       It affects your dexterity (+4).
   Will:      It increases your willpower.
   It falls into the 'Staves' category.
   It is a one-handed weapon.
Jewellery
 i - an amulet of faith
 t - the amulet of the Salamander (around neck) {Acrobat rC+ Str+3 Int-4 Dex+5}
   (You found it on level 3 of the Dungeon)

   [amulet of the acrobat]

   It increases your evasion while moving and waiting.
   Str:       It affects your strength (+3).
   Int:       It affects your intelligence (-4).
   Dex:       It affects your dexterity (+5).
   rC:        It protects you from cold.
Scrolls
 f - a scroll of immolation {unknown}
 g - 2 scrolls of amnesia {unknown}
 h - a scroll of brand weapon {unknown}
 l - 2 scrolls of identify {unknown}
 n - 2 scrolls of teleportation {unknown}
 p - a scroll of enchant armour {unknown}
 q - a scroll of fear {unknown}
Potions
 j - a potion of might {unknown}
 k - 3 potions of curing {unknown}
 m - 2 potions of flight {unknown}
 s - a potion of haste {unknown}
 u - a potion of heal wounds {unknown}


   Skills:
 + Level 2.3 Fighting
 + Level 3.2 Polearms
 + Level 2.0 Throwing
 + Level 0.4 Armour
 + Level 3.1 Dodging
 + Level 0.1 Stealth


You had 2 spell levels left.
You didn't know any spells.
Your spell library contained the following spells:

 Spells                   Type           Power      Damage    Failure   Level
 Sting                    Tmut/Pois      0%         1d3       54%         1
 Poisonous Vapours        Pois/Air       0%         N/A       67%         2
 Olgreb's Toxic Radiance  Pois           0%         N/A       99%         4


Dungeon Overview and Level Annotations

Branches:
Dungeon (3/15)

Altars:

Annotations:
D:3 Grinder


Innate Abilities, Weirdness & Mutations

You may rarely emit foul miasma when damaged in melee.
You regenerate a little health from kills.


Message History

Throw: throwing net
Press: ? - help, Q - select action, (/) - cycle Shift-Dir - straight line, f - Grinder
Aim: Grinder (lightly wounded, 60% to hit)
You throw a throwing net. The throwing net hits Grinder.
Grinder is caught in the net!
Grinder is lightly wounded.
Grinder struggles against the net.
You strike the helpless Grinder from behind!
You puncture Grinder!
Grinder is moderately wounded.
Grinder struggles against the net.
You puncture Grinder!
Grinder is heavily wounded.
Grinder struggles against the net.
You puncture Grinder!
Grinder is severely wounded.
Grinder struggles against the net. x2
You hit Grinder.
Grinder is severely wounded.
Grinder gestures at you. Pain shoots through your body!
Grinder struggles against the net.
The net rips apart, and Grinder comes free!
Unknown command.
Throw: 3 javelins
Press: ? - help, Q - select action Shift-Dir - straight line, f/p - Grinder
Aim: Grinder (severely wounded, 60% to hit)
You throw a javelin. The javelin pierces through Grinder.
Grinder is severely wounded.
Throw: 2 javelins
Press: ? - help, Q - select action Shift-Dir - straight line, f/p - Grinder
Aim: Grinder (severely wounded, 60% to hit)
You throw a javelin. The javelin barely misses Grinder.
Grinder hits you.
* * * LOW HITPOINT WARNING * * *
You writhe in agony.
* * * LOW HITPOINT WARNING * * *
Grinder hits you but does no damage. Grinder gestures at you.
Pain shoots through your body!
You die...

#..(# #...# . ####...####
.##########..(......######
..................)......#
........###.........####.#
.....##.# ####..5#### #.#
.....##.# #...# #.#
........######..@# #.#
..............<#.# #.#
........######...# #†#
.....##.# ##.## #####.#
#)...##.# #.# #.....#
#.####..# #.# ##.###### ..
#.########.###.......# ##
#. .............####.# ..
.######.####.# #.#


You could see Grinder.

Vanquished Creatures
  A worm (D:3)
  4 endoplasms
  3 giant cockroaches (D:3)
  3 hobgoblins (D:1)
  2 jackals (D:3)
  2 kobolds (D:2)
  3 quokkas
  A ball python (D:3)
  5 bats
  3 frilled lizards
  3 goblins
  4 rats
34 creatures vanquished.

Notes
Turn   | Place    | Note
-------+----------+-------------------------------------------
     0 | D:1      | Skitler the Demonspawn Gladiator began the quest for the
                  | Orb.
     0 | D:1      | Reached XP level 1. HP: 16/16 MP: 1/1
   237 | D:1      | Gained mutation: You regenerate a little health from kills.
                  | [demonic ancestry]
   237 | D:1      | Reached XP level 2. HP: 15/22 MP: 2/2
  1037 | D:2      | Identified the staff of earth "Xeiteesa" {Will+ Str+4
                  | Dex+4}
  1233 | D:3      | Gained mutation: You may rarely emit foul miasma when
                  | damaged in melee. [demonic ancestry]
  1233 | D:3      | Reached XP level 3. HP: 18/27 MP: 3/3
  1443 | D:3      | Identified the amulet of the Salamander {Acrobat rC+ Str+3
                  | Int-4 Dex+5}
  1534 | D:3      | Noticed Grinder
  1536 | D:3      | Paralysed by Grinder for 5 turns
  1546 | D:3      | Paralysed by Grinder for 5 turns
  1556 | D:3      | Paralysed by Grinder for 3 turns
  1653 | D:3      | Paralysed by Grinder for 4 turns
  1774 | D:3      | HP: 1/27 [Grinder (6)]
  1775 | D:3      | Killed from afar by Grinder

Illustrated notes

Levels and vault maps discovered:
D:1:      lightli_arrival_boilingwater, layout_basic
D:2:      layout_basic, chequers_avenue
D:3:      layout_loops_ring, uniq_grinder

Skill      XL: |  1  2 |
---------------+-------+-----
Throwing       | 2 |  2.0
Dodging        | 3 |  3.1
Polearms       | 3 |  3.2
Fighting       | |  2.3
Armour         | |  0.4
Stealth        | |  0.1

Action                     || total
---------------------------++-------
  Melee: Trident           ||    96
  Throw: Throwing net      ||     4
         Javelin           ||     2
   Stab: Sleeping          ||     3
         Held in net/web   ||     1
 Armour: Leather armour    ||    17
  Dodge: Dodged            ||    30
